 Dungeon Crawl Stone Soup version 0.21-a0-450-gd87a9b2 (webtiles) character file.

1705 Laiders the Basher (level 9, -2/96 HPs)
             Began as a Formicid Fighter on Nov 19, 2017.
             Was an Initiate of Okawaru.
             Slain by an orc warrior
             ... wielding a +0 battleaxe
              (8 damage)
             ... on level 6 of the Dungeon.
             The game lasted 00:16:56 (5188 turns).

Laiders the Basher (Formicid Fighter)               Turns: 5188, Time: 00:16:56

Health: -2/96      AC: 24    Str: 19 (22) XL:     9   Next: 23%
Magic:  9/9        EV:  2    Int:  7 (10) God:    Okawaru [......]
Gold:   291        SH: 10    Dex: 12 (15) Spells: 8/8 levels left

rFire    . . .     SeeInvis .   a - +0 flail
rCold    . . .     Gourm    .   c - +1 shield
rNeg     + + +     Faith    .   (armour currently unavailable)
rPois    +         Spirit   .   (helmet unavailable)
rElec    .         Reflect  .   (cloak currently unavailable)
rCorr    .         Harm     .   (gloves currently unavailable)
MR       .....                  (boots currently unavailable)
Stlth    +.........             (no amulet)
HPRegen  0.26/turn              (no ring)
MPRegen  0.11/turn              (no ring)

@: agile, tree-form, silence
A: permanent stasis, dig shafts and tunnels, four strong arms
a: Renounce Religion


You were on level 6 of the Dungeon.
You worshipped Okawaru.
Okawaru was noncommittal.
You were not hungry.
You were a tree.
You visited 2 branches of the dungeon, and saw 7 of its levels.

You collected 291 gold pieces.

Inventory:

Hand Weapons
 a - a +0 flail (weapon)
Missiles
 e - 8 javelins (quivered)
 D - 7 tomahawks
Armour
 b - a +0 cloak (melded)
 c - a +1 shield (worn)
 h - the cursed +1 scale mail of Honesty (melded) {-Tele rElec rPois rF+++}
   (You found it on level 4 of the Dungeon)

   It renders you almost immune to fire.
   It insulates you from electricity.
   It protects you from poison.
   It prevents most forms of teleportation.
   It has a curse placed upon it.
 r - a +0 pair of gloves (melded)
 y - a +2 plate armour of cold resistance
Jewellery
 t - an uncursed ring of fire
Wands
 l - a wand of confusion (26/48)
Scrolls
 i - a scroll of enchant armour
 j - a scroll of amnesia {unknown}
 n - a scroll of recharging {unknown}
 q - a scroll of enchant weapon {unknown}
 u - a scroll of magic mapping
 A - a scroll of fear {unknown}
 B - 6 scrolls of remove curse
 F - a scroll of silence
Potions
 d - 3 potions of might
 k - a potion of degeneration
 m - 4 potions of curing
 p - a potion of lignification
 s - a potion of cancellation {unknown}
 w - a potion of brilliance {unknown}
 x - a potion of agility
 z - a potion of resistance {unknown}
Books
 C - a book of Frost

   Spells                             Type                      Level
   a - Freeze                         Ice                          1
   b - Throw Frost                    Conjuration/Ice              2
   c - Ozocubu's Armour               Charms/Ice                   3
   d - Throw Icicle                   Conjuration/Ice              4
   e - Summon Ice Beast               Ice/Summoning                4
Comestibles
 f - 5 bread rations
 g - 6 fruits
 o - a royal jelly
 v - a meat ration


   Skills:
 - Level 3.2 Fighting
 + Level 11.2 Maces & Flails
 - Level 3.2 Armour
 - Level 3.6 Shields


You had 8 spell levels left.
You didn't know any spells.

Dungeon Overview and Level Annotations

Branches:
Dungeon (6/15)             Temple (1/1) D:5

Altars:
Ashenzari
Cheibriados
Dithmenos
Elyvilon
Fedhas
Gozag
Hepliaklqana
Kikubaaqudgha
Makhleb
Nemelex Xobeh
Okawaru
Qazlal
Ru
Sif Muna
Trog
Uskayaw
Vehumet
Wu Jian
Xom
Yredelemnul
Zin
The Shining One


Innate Abilities, Weirdness & Mutations

You cannot be hasted, slowed, berserked, paralysed or teleported.
You can dig through walls and to a lower floor.
Your four strong arms can wield two-handed weapons with a shield.
((You have a pair of large antennae on your head. (SInv)))


Message History

The magic dart hits you!
It was a potion of agility.
You feel agile all of a sudden. Something hits you but does no damage.
You block the orc warrior's attack.
Okay, then.
As you read the scroll labeled XIGUIMNIRRI, it crumbles to dust.
It is a scroll of enchant armour.
Your +0 shield glows green for a moment.
Something hits you but does no damage.
The orc warrior hits you with a battleaxe.
* * * LOW HITPOINT WARNING * * *
As you read the scroll labeled BIC DUB XITO, it crumbles to dust.
You feel aware of your surroundings.
It was a scroll of magic mapping.
Something hits you but does no damage.
As you read the scroll labeled SYNEBU JASOJI, it crumbles to dust.
A profound silence engulfs you.
It was a scroll of silence.
You block the orc warrior's attack. Something hits you but does no damage.
You hit the orc warrior but do no damage.
The orc warrior hits you with a battleaxe!
You die...

#.,,,...,,.....,,,o.{,,,,,,*
#.***#.#**#.#.#***.#******,*
###.####.# #.#.# *.# *,*
##........# #.#.# *.# *,*
#....##...## #.#.####.##### *,*
..#..#.....###.#.##.).....#**,**
#...#...............#(###.#*,,,*
**,#............{o....# *,**,*,**
**,#.##...###†##♣######**,,,,*,,,
,,,#.###..#*#.##.#*,,,,,,,,*****,
***#.# ##...........#**,,,,,,*,,,
#.# ##..#.##.##.# *,*,**,*,,* #.#
#..#...#..,* *,*,**,,,,* * #.#
#..####,##.#**,*,***,*,* **##.#
#..#*,,,**,#*,*,,***,*,, ,*#..#
#,,*,,,*,,,,,***,,,,,*,* ,*#.##
*,,,,,,,,*,**,*,***,*,**


You could see an orc warrior.

Vanquished Creatures
  Pikel (D:4)
  3 slaves (D:4)
  A phantom (D:4)
  A centaur (D:6)
  2 bullfrogs
  5 scorpions
  A bullfrog zombie (D:5)
  A centaur zombie (D:5)
  4 orc priests
  Crazy Yiuf (D:3)
  Jessica (D:3)
  A bullfrog skeleton (D:5)
  3 orc wizards
  3 worker ants
  Robin (D:3)
  3 gnolls (D:2)
  9 adders
  2 oozes
  A worm (D:5)
  2 dart slugs
  5 leopard geckos
  20 orcs
  2 ball pythons
  7 giant cockroaches
  18 goblins
  12 hobgoblins
  15 jackals
  8 kobolds
  5 quokkas
  17 bats
  6 frilled lizards
  7 rats
168 creatures vanquished.

Vanquished Creatures (others)
  12 fungi (D:4)
12 creatures vanquished.

Grand Total: 180 creatures vanquished

Notes
Turn   | Place    | Note
-------+----------+-------------------------------------------
     0 | D:1      | Laiders the Formicid Fighter began the quest for the Orb.
     0 | D:1      | Reached XP level 1. HP: 18/18 MP: 1/1
   141 | D:1      | Reached XP level 2. HP: 19/24 MP: 2/2
   303 | D:1      | Reached skill level 3 in Maces & Flails
   447 | D:1      | Reached XP level 3. HP: 24/29 MP: 3/3
  1102 | D:2      | Reached skill level 4 in Maces & Flails
  1102 | D:2      | Reached XP level 4. HP: 28/35 MP: 4/4
  1395 | D:2      | Reached XP level 5. HP: 36/41 MP: 5/5
  1508 | D:2      | Reached skill level 5 in Maces & Flails
  1888 | D:3      | Noticed Jessica
  1898 | D:3      | Killed Jessica
  2052 | D:3      | Reached XP level 6. HP: 29/47 MP: 6/6
  2197 | D:3      | Found a hide-covered altar of Uskayaw.
  2197 | D:3      | Found an ancient bone altar of Kikubaaqudgha.
  2227 | D:3      | Reached skill level 6 in Maces & Flails
  2365 | D:3      | Noticed Robin
  2418 | D:3      | Killed Robin
  2666 | D:3      | Found a runed door.
  2670 | D:3      | Noticed Crazy Yiuf
  2684 | D:3      | Killed Crazy Yiuf
  3108 | D:4      | Reached XP level 7. HP: 51/52 MP: 7/7
  3137 | D:4      | Reached skill level 7 in Maces & Flails
  3404 | D:4      | Got a warped scale mail
  3560 | D:4      | Reached skill level 8 in Maces & Flails
  3634 | D:4      | Found the +7 Singing Sword
  3653 | D:4      | Reached XP level 8. HP: 58/58 MP: 8/8
  3701 | D:4      | Noticed Pikel
  3753 | D:4      | Killed Pikel
  3753 | D:4      | Reached skill level 10 in Maces & Flails
  3975 | D:5      | Entered Level 5 of the Dungeon
  4203 | D:5      | Reached XP level 9. HP: 64/64 MP: 9/9
  4259 | D:5      | Identified the cursed +1 scale mail of Honesty {-Tele rElec rPois rF+++} (You found it on level 4 of the Dungeon)
  4593 | D:5      | Found a staircase to the Ecumenical Temple.
  4602 | Temple   | Entered the Ecumenical Temple
  4747 | Temple   | Became a worshipper of Warmaster Okawaru
  4931 | D:6      | Got an iridescent whip
  4932 | D:6      | Identified the +2 whip "Ogreslayer" {freeze, Int+3} (You found it on level 6 of the Dungeon)
  4974 | D:6      | Reached skill level 11 in Maces & Flails
  5188 | D:6      | Slain by an orc warrior

Vault maps used:
D:1:      dpeg_arrival_prison
D:2:      kennysheep_the_goblin_king
D:3:      gammafunk_temple_overflow_wave, amethyst_killhole, uniq_robin,
          uniq_crazy_yiuf_cottage, uniq_jessica
D:4:      old_forge, uniq_pikel
D:5:      temple_fountains, first_bread
D:6:      minmay_misc_feat_nine_boxes
Temple:   regret_index_temple_chain_breaker

Skill      XL: |  1  2  3  4  5  6  7  8  9 |
---------------+----------------------------+-----
Maces & Flails | 3 4 5 6 8 10 11 | 11.2
Fighting       | |  3.2
Armour         | |  3.2
Shields        | |  3.6

Action                   |  1- 3 |  4- 6 |  7- 9 || total
-------------------------+-------+-------+-------++-------
Melee: Flail             |   144 |   238 |   334 ||   716
  Use: Scroll            |     1 |     3 |     4 ||     8
       Potion            |       |       |     4 ||     4
  Eat: Chunk             |     1 |     7 |     7 ||    15
Armor: Scale mail        |   102 |    66 |    24 ||   192
       Plate armour      |       |    29 |   146 ||   175
       Skin              |       |       |     6 ||     6
Dodge: Dodged            |    54 |    68 |    49 ||   171
Block: Shield            |   107 |   128 |   144 ||   379

Table legend:
 A = Spawn XP
 B = Non-spawn XP
 C = Spawn XP percentage of total XP
 D = Spawn monster count
 E = Non-spawn monster count
 F = Spawn count percentage of total count
 G = Total turns spent on level
                    A         B        C        D         E        F      G
               +---------+---------+-------+---------+---------+-------+---------
         Total |       0 |    2437 |   0.0 |       0 |     165 |   0.0 |  5188
               +---------+---------+-------+---------+---------+-------+---------
           D:1 |       0 |      52 |   0.0 |       0 |      30 |   0.0 |  1005
           D:2 |       0 |     126 |   0.0 |       0 |      35 |   0.0 |   763
           D:3 |       0 |     234 |   0.0 |       0 |      31 |   0.0 |  1167
           D:4 |       0 |    1303 |   0.0 |       0 |      36 |   0.0 |  1040
           D:5 |       0 |     530 |   0.0 |       0 |      30 |   0.0 |   726
           D:6 |       0 |     192 |   0.0 |       0 |       3 |   0.0 |   329
               +---------+---------+-------+---------+---------+-------+---------
